 Dungeon Crawl Stone Soup version 0.23.2-30-g0e89c35649 (webtiles) character file.

Game seed: 13208025260293836400

1875 mahrnol the Grappler (level 8, -6/74 HPs)
             Began as a Troll Monk on June 13, 2019.
             Was an Elder of Wu Jian.
             Mangled by a gnoll
             ... wielding a +0 spear of venom
              (9 damage)
             ... on level 7 of the Dungeon.
             The game lasted 00:21:22 (4945 turns).

mahrnol the Grappler (Troll Monk)                   Turns: 4945, Time: 00:21:22

Health: -6/74      AC:  7    Str: 20    XL:     8   Next: 91%
Magic:  16/16      EV: 12    Int:  6    God:    Wu Jian [****..]
Gold:   394        SH:  0    Dex: 14    Spells: 6/7 levels left

rFire    . . .     SeeInvis .     - Unarmed
rCold    . . .     Gourm    +   (no shield)
rNeg     . . .     Faith    .   a - +0 robe
rPois    +         Spirit   .   (helmet restricted)
rElec    .         Reflect  .   C - +0 cloak
rCorr    .         Harm     .   (gloves unavailable)
MR       .....                  (boots unavailable)
Stlth    ++........             (no amulet)
HPRegen  0.62/turn              i - ring of poison resistance
MPRegen  0.15/turn              y - ring of magical power

@: no status effects
A: large, unfitting armour, claws 3, fast metabolism 3, gourmand, regeneration
1, shaggy fur 1, tough skin 3
a: Wall Jump, Serpent's Lash, Renounce Religion


You were on level 7 of the Dungeon.
You worshipped Wu Jian.
Wu Jian was greatly pleased with you.
You were not hungry.

You visited 1 branch of the dungeon, and saw 7 of its levels.
You also visited: Ossuary.

You collected 394 gold pieces.

Inventory:

Hand Weapons
 B - a +4 quarterstaff of chaos
Missiles
 h - 9 poisoned needles
 m - 3 curare-tipped needles
 t - a throwing net (quivered)
 A - 5 tomahawks
Armour
 a - a +0 robe (worn)
 C - a +0 cloak (worn)
Jewellery
 i - a ring of poison resistance (left claw)
 y - a ring of magical power (right claw)
Scrolls
 c - 3 scrolls of amnesia {unknown}
 e - 6 scrolls of identify {unknown}
 g - a scroll of blinking {unknown}
 n - a scroll of immolation {unknown}
 o - 7 scrolls of remove curse {unknown}
 q - 4 scrolls of teleportation {unknown}
 r - 2 scrolls of magic mapping {unknown}
 s - 3 scrolls of fear {unknown}
 x - a scroll of torment {unknown}
 D - 2 scrolls of enchant armour {unknown}
Potions
 d - 2 potions of brilliance {unknown}
 f - 2 potions of magic {unknown}
 j - 3 potions of heal wounds {unknown}
 k - a potion of ambrosia {unknown}
 l - a potion of might {unknown}
 p - 5 potions of degeneration {unknown}
 u - a potion of invisibility {unknown}
 v - 4 potions of curing {unknown}
 w - 2 potions of mutation {unknown}
 z - 2 potions of lignification {unknown}
Comestibles
 b - 8 rations


   Skills:
 - Level 2.4 Fighting
 + Level 4.4 Dodging
 + Level 2.9 Stealth
 + Level 10.0 Unarmed Combat
 * Level 0.8 Hexes


You had 6 spell levels left.
You knew the following spells:

 Your Spells              Type           Power        Failure   Level  Hunger
a - Confusing Touch       Hex            #.....       34%         1    ##.....

Your spell library contained the following spells:

 Spells                   Type           Power        Failure   Level  Hunger
 Summon Small Mammal      Summ           #...         45%         1    ##.....
 Call Imp                 Summ           #.......     58%         2    ###....
 Confuse                  Hex            #.......     71%         3    ####...
 Summon Guardian Golem    Hex/Summ       #.......     77%         3    ####...
 Call Canine Familiar     Summ           #.......     83%         3    ####...
 Gell's Gravitas          Tloc           #.........   83%         3    ####...
 Petrify                  Tmut/Erth      #.......     99%         4    #####..
 Summon Ice Beast         Ice/Summ       #.......     99%         4    #####..
 Summon Lightning Spire   Summ/Air       #.......     99%         4    #####..
 Metabolic Englaciation   Hex/Ice        #.........   100%        5    ######.
 Yara's Violent Unravell  Hex/Tmut       #.........   100%        5    ######.


Dungeon Overview and Level Annotations

Branches:
Dungeon (7/15)
 Temple: D:4-7

Altars:
Nemelex Xobeh
Ru
Trog
Wu Jian

Shops:
D:5 %[=*

Annotations:
D:7 Duvessa


Innate Abilities, Weirdness & Mutations

You are too large for most types of armour.
You have claws for hands.
Your metabolism is lightning-fast.
You like to eat raw meat.
Your natural rate of healing is unusually fast.
You are covered in fur. (AC +1)
You have extremely tough skin. (AC +3)


Message History

Found 13 gold pieces.
A gnoll comes into view. It is wielding a +0 spear of venom.
The gnoll shouts!
The gnoll hits you with a +3 whip of electrocution!
* * * LOW HITPOINT WARNING * * *
Duvessa rages.
The gnoll shaman calls upon its god to speed up the gnoll.
The gnoll seems to speed up.
The gnoll completely misses you.
You spin and attack the gnoll.
You claw the gnoll!
You kill the gnoll!
The Council accepts your kill. The gnoll hits you but does no damage.
Duvessa misses you. The gnoll barely misses you.
The gnoll shaman calls upon its god to speed up something.
The gnoll closely misses you. Duvessa hits you with a +0 short sword!
* * * LOW HITPOINT WARNING * * *
You hear the faint creaking of a distant portcullis.
The gnoll hits you from afar with a +0 spear of venom!
You die...

.##....................g.....#
......................).(...#.##
.##....................###.....##
.#..................#....#......#
###.................#...........#
.##...............##...Y.[..#...#
.###...............###..#........
.#..##............g..)..#........
....##.....##...@eg..g...#.......
.g.......####..?..#..............
รท###<.....##...#..##........$....
).##..##.......#.......####......
...#..###....# .......... .....
...#..# .....#.#..##..... .#
...#... #......#..........
#.###### ##.....#...#...##. ..#
...


You could see Duvessa (berserk), a gnoll shaman and 2 gnolls.

Vanquished Creatures
  Grinder (D:5)
  Sigmund (D:2)
  Menkaure (D:6)
  An ice beast (D:6)
  A black bear (D:6)
  A sky beast (D:6)
  An ogre (D:4)
  A centaur (D:5)
  A gnoll sergeant (D:5)
  A scorpion (D:6)
  Dowan (D:7)
  3 crimson imps
  A bullfrog zombie (D:5)
  A hound (D:6)
  3 human zombies (Ossuary)
  2 orc priests
  Crazy Yiuf (D:2)
  3 orc wizards
  2 worker ants
  An iguana (D:6)
  4 mummies (Ossuary)
  9 gnolls
  8 adders
  A shadow imp (D:6)
  2 oozes
  An adder skeleton (D:5)
  2 adder zombies (Ossuary)
  2 worms
  6 dart slugs
  5 leopard geckos
  24 orcs
  3 ball pythons
  5 giant cockroaches
  7 goblins
  6 hobgoblins
  4 jackals (D:2)
  5 quokkas
  6 bats
  6 frilled lizards
  A gnoll zombie (Ossuary)
  A jackal zombie (Ossuary)
  7 kobolds
  A kobold zombie (Ossuary)
  2 quokka skeletons
  6 rats
  4 rat zombies (Ossuary)
156 creatures vanquished.

Notes
Turn   | Place    | Note
-------+----------+-------------------------------------------
     0 | D:1      | mahrnol the Troll Monk began the quest for the Orb.
     0 | D:1      | Reached XP level 1. HP: 22/22 MP: 0/0
   109 | D:1      | Reached XP level 2. HP: 29/29 MP: 1/1
   650 | D:1      | Reached XP level 3. HP: 36/36 MP: 2/2
   900 | D:2      | Reached skill level 4 in Unarmed Combat
   998 | D:2      | Noticed Sigmund
  1124 | D:2      | Found a runed translucent door.
  1125 | D:2      | Noticed Crazy Yiuf
  1219 | D:2      | Found an ornate altar of the Wu Jian Council.
  1228 | D:2      | Became a worshipper of the Wu Jian Council
  1228 | D:2      | Reached * piety under Wu Jian
  1228 | D:2      | Reached ** piety under Wu Jian
  1229 | D:2      | Reached XP level 4. HP: 36/44 MP: 3/3
  1298 | D:2      | Killed Sigmund
  1298 | D:2      | Reached skill level 5 in Unarmed Combat
  1298 | D:2      | Reached XP level 5. HP: 38/50 MP: 4/4
  1724 | D:3      | Reached XP level 6. HP: 53/59 MP: 5/5
  1967 | D:3      | Reached skill level 6 in Unarmed Combat
  2607 | D:4      | Reached *** piety under Wu Jian
  2736 | D:4      | Reached XP level 7. HP: 66/66 MP: 6/6
  2927 | D:5      | Entered Level 5 of the Dungeon
  2944 | D:5      | Found Qerphiuj's Food Boutique.
  2963 | D:5      | Found Yttitane's Armour Boutique.
  2976 | D:5      | Found Kimimpib's Jewellery Emporium.
  3155 | D:5      | Reached skill level 7 in Unarmed Combat
  3296 | D:5      | Found a sacrificial altar of Ru.
  3336 | D:5      | Noticed Grinder
  3349 | D:5      | Found a sand-covered staircase.
  3350 | D:5      | Paralysed by Grinder for 2 turns
  3361 | D:5      | Paralysed by Grinder for 3 turns
  3365 | Ossuary  | Entered an ossuary
  3387 | Ossuary  | Reached **** piety under Wu Jian
  3410 | Ossuary  | Reached skill level 8 in Unarmed Combat
  3674 | D:5      | Killed Grinder
  3674 | D:5      | Reached XP level 8. HP: 43/74 MP: 7/7
  3731 | D:5      | Found a bloodstained altar of Trog.
  3922 | D:5      | Found Puaz's Assorted Antiques.
  4075 | D:6      | Reached skill level 9 in Unarmed Combat
  4217 | D:2      | Killed Crazy Yiuf
  4421 | D:6      | Found a sparkling altar of Nemelex Xobeh.
  4607 | D:6      | Learned a level 1 spell: Confusing Touch
  4693 | D:6      | Noticed Menkaure
  4703 | D:6      | Killed Menkaure
  4907 | D:7      | Noticed Duvessa
  4907 | D:7      | Noticed Dowan
  4928 | D:7      | Killed Dowan
  4928 | D:7      | Reached skill level 10 in Unarmed Combat
  4943 | D:7      | HP: 2/74 [Duvessa/+0 short sword (8)]
  4945 | D:7      | Mangled by a gnoll

Skill      XL: |  1  2  3  4  5  6  7  8 |
---------------+-------------------------+-----
Unarmed Combat | 4 5 6 8 10 | 10.0
Dodging        | 3 4 |  4.4
Stealth        | 2 |  2.9
Fighting       | |  2.4
Hexes          | |  0.8

Action                   |  1- 3 |  4- 6 |  7- 9 || total
-------------------------+-------+-------+-------++-------
Melee: Unarmed           |   100 |   123 |   217 ||   440
       Punch             |     2 |       |    10 ||    12
Invok: Lunge             |       |    20 |    25 ||    45
       Whirlwind         |       |     1 |    44 ||    45
 Abil: Wall Jump         |       |       |     1 ||     1
 Stab: Sleeping          |     5 |     3 |     4 ||    12
  Eat: Chunk             |    16 |    14 |    15 ||    45
Armor: Robe              |    40 |    16 |    64 ||   120
Dodge: Dodged            |    45 |    40 |   134 ||   219
